 Dungeon Crawl Stone Soup version 0.20.1-1-g8b1a95d (webtiles) character file.

458871 tidbits the Black Belt (level 21, 0/239 HPs)
             Began as a Demigod Transmuter on Aug 1, 2017.
             Killed from afar by a hellion (31 damage)
             ... with damnation
             ... on level 1 of Tartarus on Aug 9, 2017.
             The game lasted 07:23:27 (26873 turns).

tidbits the Black Belt (Demigod Transmuter)        Turns: 26873, Time: 07:23:28

Health: 0/239      AC: 33    Str: 17    XL:     21   Next: 71%
Magic:  17/42      EV: 22    Int: 27    God:
Gold:   1341       SH: 23    Dex: 18    Spells: 2/44 levels left

rFire    + . .     SeeInvis +     - Unarmed
rCold    + . .     Gourm    .   D - +5 shield {reflect}
rNeg     + . .     Faith    .   (armour currently unavailable)
rPois    ∞         Spirit   .   E - +0 mask of the Dragon {MR+ Slay+3 SInv}
rElec    +         Reflect  +   C - scarf {rC+ rF+}
rCorr    .         Harm     .   (gloves currently unavailable)
MR       +++..                  (boots currently unavailable)
Stlth    ++++......             j - +5 amulet of reflection
Regen    0.5/turn               Y - +5 ring of slaying
MPRegen  0.3/turn               U - +5 ring of protection

@: statue-form, slightly contaminated, hasted, studying Stealth, drained
A: claws 1, deterioration 1, high mp 1, strong 1
}: 4/15 runes: barnacled, silver, abyssal, gossamer
a: End Transformation


You were on level 1 of Tartarus.
You were not hungry.
You were a stone statue.
You visited 10 branches of the dungeon, and saw 43 of its levels.
You visited Pandemonium 1 time, and saw 1 of its levels.
You visited the Abyss 1 time.
You also visited: Labyrinth and Wizlab.

You collected 4680 gold pieces.
You spent 3339 gold pieces at shops.

Inventory:

Missiles
 a - 652 arrows
 f - 13 javelins of returning (quivered)
 n - 3 throwing nets {!f}
Armour
 B - the +2 robe of Vines (melded) {NoPotionHeal Regen+7}
   (You found it on level 1 of the Lair of Beasts)

   It increases your rate of regeneration.
 C - a scarf of resistance (worn)
   (You bought it in a shop on level 14 of the Dungeon)
 D - a +5 shield of reflection (worn)
   (You took it off Donald on level 4 of the Spider Nest)
 E - the +0 mask of the Dragon (worn) {MR+ Slay+3 SInv}
   (You bought it in a shop on level 10 of the Dungeon)

   It affects your accuracy and damage with ranged weapons and melee attacks
   (+3).
   It affects your resistance to hostile enchantments.
   It lets you see invisible.
 F - a +2 pair of boots (melded)
 G - a +2 pair of gloves (melded)
Jewellery
 b - the ring "Zanoplurr" {rF+ rC+ Str+7}
   (You took it off a deep elf sorcerer on level 3 of the Elven Halls)

   [ring of protection from fire]

   It affects your strength (+7).
   It protects you from fire.
   It protects you from cold.
 j - a +5 amulet of reflection (around neck)
   (You found it on level 10 of the Dungeon)
 q - an uncursed amulet of magic regeneration
   (You found it on level 3 of the Elven Halls)
 H - an uncursed ring of protection from magic
   (You found it on level 6 of the Lair of Beasts)
 K - an uncursed ring of resist corrosion
   (You found it on level 11 of the Dungeon)
 U - a +5 ring of protection (right claw)
   (You found it on level 2 of the Dungeon)
 Y - a +5 ring of slaying (left claw)
   (You found it on level 3 of the Elven Halls)
Wands
 h - a wand of iceblast (9/15)
 k - a wand of paralysis (9/24)
 p - a wand of acid (12/15)
 y - a wand of clouds (5/9)
 A - a wand of scattershot (5/9)
 L - a wand of digging (13/24)
Scrolls
 e - 5 scrolls of recharging
 i - 20 scrolls of identify
 r - 15 scrolls of remove curse
 t - 2 scrolls of teleportation
 v - 3 scrolls of fog
 I - a scroll of summoning
 O - 8 scrolls of fear
 Q - 2 scrolls of blinking
 S - 3 scrolls of magic mapping
Potions
 c - 2 potions of haste
 m - 16 potions of curing
 o - a potion of magic
 u - a potion of heal wounds
 x - 6 potions of ambrosia
 z - 11 potions of mutation {!q}
 J - 3 potions of resistance
 M - a potion of invisibility
 T - a potion of berserk rage
 W - a potion of agility
 X - 2 potions of flight
Books
 P - a manual of Stealth
   (You found it on level 1 of the Depths)
Miscellaneous
 g - the horn of Geryon
 l - 3 phantom mirrors
 s - a lamp of fire
 w - 2 sacks of spiders
 N - a phial of floods
 Z - a box of beasts
Comestibles
 d - 20 bread rations


   Skills:
 - Level 15.2(14.7) Fighting
 - Level 13.0(12.5) Dodging
 + Level 6.9(6.6) Stealth
 - Level 13.2(12.8) Shields
 - Level 18.8(18.4) Unarmed Combat
 - Level 12.0(11.6) Spellcasting
 - Level 3.0(2.6) Conjurations
 - Level 3.6(3.2) Hexes
 - Level 2.7(2.4) Charms
 - Level 3.0(2.6) Summonings
 - Level 4.0(3.7) Necromancy
 - Level 7.3(7.0) Translocations
 - Level 12.1(11.7) Transmutations
 - Level 11.8(11.4) Earth Magic
 - Level 3.3(2.9) Evocations


You had 2 spell levels left.
You knew the following spells:

 Your Spells              Type           Power        Failure   Level  Hunger
a - Apportation           Tloc           ######       1%          1    None
b - Blink                 Tloc           N/A          1%          2    None
d - Lee's Rapid Deconstr  Erth           ######....   1%          5    ###....
k - Sticks to Snakes      Tmut           ######..     1%          2    None
l - Lesser Beckoning      Tloc           ######....   1%          3    None
n - Animate Skeleton      Necr           N/A          1%          1    None
p - Passage of Golubria   Tloc           N/A          2%          4    None
r - Regeneration          Chrm/Necr      ####......   4%          3    None
s - Statue Form           Tmut/Erth      ######...    6%          6    #####..
t - Confusing Touch       Hex            ####..       1%          1    None
w - Passwall              Tmut/Erth      ######....   1%          2    None
N - Animate Dead          Necr           N/A          10%         4    None
P - Summon Butterflies    Summ           ####....     1%          1    None
R - Irradiate             Conj/Tmut      ######....   7%          5    ###....
W - Swiftness             Chrm/Air       ###.....     4%          2    None


Dungeon Overview and Level Annotations

Branches:
Dungeon (15/15)            Temple (0/1) D:4            Lair (6/6) D:10
 Shoals (4/4) Lair:3       Spider (4/4) Lair:2        Slime (0/5) Lair:6
    Orc (2/2) D:12            Elf (3/3) Orc:2        Vaults (5/5) D:14
  Crypt (0/3) Vaults:2     Depths (2/5) D:15           Hell (1/1)
    Tar (1/7) Hell
    Dis: Hell:1         Geh: Hell:1         Coc: Hell:1

Shops:
D:5 !   D:10 *:[?%   D:14 *   Orc:2 !(?*

Portals:
Hell: Depths:2
Abyss: Depths:2
Pandemonium: Depths:1

Annotations:
D:6 Blork the orc
D:14 Frances
Spider:1 exclusion: Roxanne, Roxanne


Innate Abilities, Weirdness & Mutations

You have an increased reservoir of magic. (+10% MP)
You have sharp fingernails.
Your body sometimes deteriorates upon taking damage.
Your muscles are strong. (Str +2)


Message History

You eviscerate the shadow demon!!!
You kill the shadow demon!
The shadow imp dissolves into shadows!
The red devil disappears in a puff of smoke!
The sun demon disappears in a puff of smoke!
The orange demon disappears in a puff of smoke!
You block the hell hound's attack.
The tormentor calls on the powers of darkness!
Your body is wracked with pain!
* * * LOW HITPOINT WARNING * * *
The shadow dragon breathes negative energy at you.
The bolt of negative energy hits you! You partially resist.
You feel drained.
The bolt of negative energy hits the hell hound.
The hell hound completely resists.
Unknown command.
Unknown command.
Evoke which item? (* to show all) (? for menu, Esc to quit)
Aiming: Dig
Press: ? - help, Shift-Dir - straight line, f - you The rock shatters into small pieces.
This wand has 13 charges left.
You block the hell hound's attack. x2
The shadow dragon completely misses you.
You block the shadow dragon's attack. The shadow dragon misses you.
The spriggan zombie misses you. The hell hound closely misses you.
The hell hound completely misses you. You block the shadow dragon's attack.
The shadow dragon claws you but does no damage.
The shadow dragon claws you.
* * * LOW HITPOINT WARNING * * *
You block the spriggan zombie's attack.
The hell hound bites you but does no damage.
The shadow dragon bites you but does no damage.
You block the shadow dragon's attack. The shadow dragon closely misses you.
The hell hound closely misses you. You block the hell hound's attack.
The tormentor calls on the powers of darkness!
The shadow dragon convulses!
Your body is wracked with pain!
* * * LOW HITPOINT WARNING * * *
The tormentor says, "I'll show you my torture chamber!"
The tormentor calls on the powers of darkness!
The shadow dragon convulses!
Your body is wracked with pain!
* * * LOW HITPOINT WARNING * * *
Unknown command.
You eviscerate the shadow dragon!!!
The shadow dragon is almost dead.
The shadow dragon breathes negative energy at you.
The bolt of negative energy hits you! You partially resist.
You feel drained.
* * * LOW HITPOINT WARNING * * *
Unknown command.
You eviscerate the shadow dragon!!!
You kill the shadow dragon!
You mangle the hell hound!!
The hell hound is severely wounded.
You block the hell hound's attack.
The tormentor calls on the powers of darkness!
Your body is wracked with pain!
* * * LOW HITPOINT WARNING * * *
You block the hell hound's attack.
Unknown command.
You claw the hell hound!
You kill the hell hound!
The hell hound breathes flames at you.
The blast of flame hits the hell hound.
The hell hound completely resists.
The blast of flame hits you! You block the hell hound's attack.
A hellion comes into view.
The hell hound breathes flames at you.
The blast of flame hits the hell hound.
The hell hound completely resists.
The blast of flame hits the hell hound.
The hell hound completely resists.
The blast of flame misses you. You block the hell hound's attack.
The hell hound breathes flames at you.
The blast of flame hits the hell hound.
The hell hound completely resists.
The blast of flame hits you! The hellion gestures at you.
The sphere of damnation explodes!
The damnation engulfs you!
* * * LOW HITPOINT WARNING * * *
The damnation engulfs the hell hound.
The hell hound closely misses you.
You feel much better. You block the hell hound's attack.
The hell hound completely misses you.
You mangle the hell hound!!
You kill the hell hound!
The tormentor grins malevolently.
The tormentor calls on the powers of darkness!
Your body is wracked with pain!
* * * LOW HITPOINT WARNING * * *
You hear diabolical laughter!
You feel yourself speed up. You block the hell hound's attack. x2
The tormentor calls on the powers of darkness!
Your body is wracked with pain!
* * * LOW HITPOINT WARNING * * *
The hell hound completely misses you.
Unknown command.
You eviscerate the hell hound!!!
You kill the hell hound!
The hell hound breathes flames at you.
The blast of flame hits the tormentor.
The tormentor resists.
The blast of flame hits the hell hound.
The hell hound completely resists.
The blast of flame misses you.
You eviscerate the hell hound!!!
You kill the hell hound!
The hellion gestures at you.
The sphere of damnation explodes!
The damnation engulfs you!
You die...

## #.# ## #.#
..# #.# ..#
#.## ...#
#8## ...##
##†###....##
##2h.......
####.2.......
#....∩#####..
#....##
......##
#..... ###...


You could see a hellion, a tormentor and a hell hound.

Vanquished Creatures
  An ancient lich (Vaults:5)
  Mara (Vaults:5)
  Boris (Vaults:4)
  A pandemonium lord (Pan)
  A golden dragon (Vaults:5)
  A profane servitor (Abyss:4)
  Geryon (Hell)
  Nikola (Elf:3)
  2 bone dragons
  A hellephant (Hell)
  A Hellbinder (WizLab)
  Jorgrun (Shoals:3)
  2 liches
  2 tentacled monstrosities (Vaults:5)
  A Hell Sentinel (Abyss:4)
  2 deep elf master archers (Elf:3)
  4 titans (Vaults:5)
  2 deep elf blademasters (Elf:3)
  Polyphemus (Shoals:4)
  A sphinx (Depths:2)
  3 shadow dragons
  A tentacled starspawn (Abyss:4)
  7 tengu reavers
  Kirke (Lair:2)
  Ilsuiw (Shoals:4)
  Donald (Spider:4)
  5 frost giants
  5 fire giants
  8 deep elf sorcerers
  A balrug (Abyss:4)
  4 ghost moths
  A cacodemon (Abyss:4)
  8 vault wardens
  5 deep elf elementalists
  5 reapers
  4 ironheart preservers
  Aizul (Elf:3)
  3 emperor scorpions
  2 war gargoyles (Vaults:5)
  14 stone giants
  Nessos (Lair:6)
  3 very ugly things
  4 entropy weavers
  Azrael (D:14)
  6 deep elf annihilators
  5 spark wasps
  5 deep elf demonologists
  A minotaur (Lab)
  4 merfolk javelineers
  2 blizzard demons
  3 crystal guardians
  2 fire dragons
  8 deep elf death magi
  3 green deaths (WizLab)
  3 great orbs of eyes
  Josephine (Orc:2)
  7 ettins
  11 deep elf high priests
  12 yaktaur captains
  4 merfolk impalers
  9 ogre magi
  3 rakshasas
  A quicksilver dragon skeleton (Abyss:4)
  3 ice dragons
  25 vault guards
  6 hydras
  2 catoblepae
  2 death knights
  5 merfolk aquamancers
  7 centaur warriors
  A merfolk avatar (Shoals:3)
  2 deep troll earth magi
  A titan zombie (Hell)
  2 tengu warriors (D:15)
  41 two-headed ogres
  6 deep troll shamans
  A hell hog (Depths:2)
  4 orc high priests
  6 small abominations
  4 death yaks
  7 thrashing horrors (Abyss:4)
  7 dancing weapons
  6 sun demons
  Urug (D:15)
  5 soul eaters
  19 deep elf knights
  A sixfirhy (Depths:1)
  3 wretched stars (Abyss:4)
  Sonja (Orc:2)
  A spatial maelstrom (Abyss:4)
  A skeletal warrior (Hell)
  5 unseen horrors
  An iron troll (Depths:2)
  3 shadow wraiths
  9 large abominations
  2 unseen horrors (shapeshifter)
  2 shadow demons
  A flayed ghost (Vaults:3)
  7 sea snakes
  8 deep trolls
  A glowing orange brain (Depths:1)
  4 deep elf archers
  4 phantasmal warriors (Vaults:5)
  2 torturous demonspawn (D:15)
  Pikel (D:6)
  3 harpies
  2 ironbrand convokers (Vaults:5)
  A lindwurm (shapeshifter) (Vaults:5)
  20 orc knights
  2 necromancers
  A lindwurm (Lair:6)
  14 ugly things
  26 wolf spiders
  4 wolf spider zombies (Spider:1)
  10 orb spiders
  7 orc sorcerers
  4 cyclopes
  A worldbinder (Abyss:4)
  A fire giant zombie (Hell)
  5 fauns (Shoals:1)
  A wolf spider (shapeshifter) (Vaults:5)
  42 deep elf magi
  16 manticores
  A salamander (shapeshifter) (D:14)
  2 moths of wrath
  8 vault sentinels
  13 elephants (Lair:6)
  7 water nymphs
  A guardian serpent (shapeshifter) (Vaults:5)
  4 orange demons (WizLab)
  2 rust devils
  Joseph (Lair:1)
  A fire giant skeleton (Depths:2)
  A black mamba (shapeshifter) (D:15)
  9 merfolk sirens
  Maurice (D:9)
  A hellion (WizLab)
  5 black mambas
  2 smoke demons
  A torpor snail (Spider:2)
  16 yaktaurs
  12 spiny frogs
  6 komodo dragons
  A rime drake (Lair:4)
  5 freezing wraiths
  An anaconda simulacrum (Hell)
  A tormentor (Hell)
  A spriggan skeleton (Depths:2)
  A tengu conjurer (Depths:1)
  11 redback zombies (Spider:1)
  8 demonic crawlers
  2 ice devils (WizLab)
  An ancient zyme (Abyss:4)
  22 jumping spiders
  16 merfolk
  4 trolls
  4 hornets (Spider:4)
  6 meliai
  4 wind drakes
  2 harpy skeletons
  9 snapping turtles
  A hippogriff (shapeshifter) (Vaults:4)
  Prince Ribbit (D:5)
  5 dream sheep
  9 tarantella zombies (Spider:1)
  12 blink frogs
  9 hippogriffs
  12 slime creatures
  65 redbacks
  5 starcursed masses (Abyss:4)
  13 water elementals
  An elf zombie (Depths:2)
  3 ynoxinuls
  2 air elementals
  Sigmund (D:5)
  A tarantella (shapeshifter) (Vaults:5)
  18 tarantellas
  3 wyverns
  5 wraiths
  A human (D:12)
  17 yaks
  6 fire elementals
  2 hungry ghosts
  A spatial vortex (Abyss:4)
  4 chaos spawn (Pan)
  A human zombie (Depths:2)
  Menkaure (D:5)
  4 wargs
  3 soldier ants (shapeshifter)
  Edmund (D:4)
  A hydra simulacrum (Hell)
  9 hell hounds
  7 water moccasins
  5 ice beasts
  3 porcupines
  4 sky beasts
  An eye of draining (D:13)
  47 orc warriors
  2 black bears
  An eye of draining (shapeshifter) (Vaults:5)
  A necrophage (D:8)
  3 phantoms
  A boggart (Depths:1)
  10 wolves
  20 ogres
  18 centaurs
  11 crocodiles
  13 bullfrogs
  18 killer bees
  10 wights
  7 electric eels
  2 howler monkeys
  5 crimson imps
  A centaur zombie (D:6)
  2 iron imps (Depths:1)
  30 orc priests
  3 hounds
  4 jellies
  32 orc wizards
  A bullfrog skeleton (D:6)
  3 centaur skeletons
  12 worker ants
  Natasha (D:4)
  An iguana (D:4)
  6 hell rats
  A hound zombie (D:10)
  A mummy (Depths:2)
  A worker ant zombie (D:5)
  12 adders
  6 gnolls
  5 shadow imps
  A white imp (Vaults:2)
  3 ufetubi
  2 oozes
  2 adder zombies (D:7)
  An adder skeleton (D:7)
  A worm (D:2)
  A dart slug (D:2)
  2 leopard geckos
  103 orcs
  A ball python (D:4)
  4 bats
  3 giant cockroaches
  3 goblins
  3 hobgoblins
  10 jackals
  3 quokkas
  2 frilled lizards (D:1)
  A kobold (D:2)
  2 leopard gecko skeletons
  A quokka skeleton (D:10)
  6 rats
  4 crawling corpses
  2 plants
  A tentacle (Shoals:4)
1470 creatures vanquished.

Vanquished Creatures (collateral kills)
  A sphinx (Vaults:4)
  A kraken (Shoals:4)
  Gastronok (Lair:3)
  A tengu reaver (Vaults:5)
  A deep elf sorcerer (Vaults:4)
  A vault warden (Vaults:2)
  A deep elf elementalist (Vaults:5)
  An emperor scorpion (Spider:4)
  2 ironheart preservers
  2 very ugly things (Vaults:2)
  A merfolk javelineer (Shoals:4)
  5 merfolk impalers
  An ogre mage (Vaults:4)
  5 vault guards
  An ice dragon (Vaults:5)
  2 hydras
  2 merfolk aquamancers
  A two-headed ogre (D:14)
  An alligator (shapeshifter) (Vaults:5)
  An alligator snapping turtle (Shoals:2)
  A deep troll (Vaults:2)
  4 sea snakes
  2 flayed ghosts
  2 deep elf archers (Vaults:4)
  A harpy (Shoals:1)
  9 orb spiders (Spider:4)
  3 deep elf magi
  An ugly thing (Vaults:2)
  2 wolf spiders (Spider:4)
  A salamander (shapeshifter) (Vaults:5)
  5 manticores
  5 fauns (Shoals:1)
  3 water nymphs
  3 vault sentinels
  5 merfolk sirens
  A spiny frog (Lair:5)
  2 yaktaurs
  A hornet (Spider:4)
  7 merfolk
  3 jumping spiders (Spider:4)
  A troll (D:10)
  3 wind drakes
  2 hippogriffs
  A snapping turtle (Shoals:3)
  A blink frog (Lair:6)
  A dream sheep (Shoals:3)
  6 redbacks
  2 water elementals
  A fire elemental (D:14)
  3 tarantellas (Spider:4)
  A water moccasin (D:6)
  3 orc warriors
  A porcupine (Lair:4)
  A phantom (D:10)
  A wolf (Lair:3)
  4 ogres
  2 centaurs
  A crocodile (D:9)
  A jelly (D:8)
  A hound (D:14)
  A gnoll (D:10)
  A shadow imp (D:8)
  An ooze (D:5)
  11 orcs
  A ball python (D:5)
  A kobold (D:2)
  3 tentacles (Shoals:4)
149 creatures vanquished.

Vanquished Creatures (others)
  A merfolk javelineer (Shoals:4)
  A yaktaur captain (Vaults:5)
  A death yak (Shoals:4)
  2 deep elf knights
  A deep elf archer (Elf:2)
  An orb spider (Spider:1)
  3 deep elf magi
  2 yaktaurs
  A demonic crawler (Spider:3)
  A merfolk (Shoals:4)
  A meliai (shapeshifter) (Vaults:4)
  2 redbacks (Spider:1)
  A ynoxinul (Pan)
  4 humans (Spider:1)
  A hell hound (D:14)
  An ogre (Depths:1)
  A centaur (Depths:2)
  An ufetubus (D:15)
  2 fungi
  A lurking horror (Abyss:4)
  3 plants
  2 starspawn tentacles (Abyss:4)
  13 tentacles (Shoals:4)
47 creatures vanquished.

Grand Total: 1666 creatures vanquished

Notes
Turn   | Place    | Note
-------+----------+-------------------------------------------
     0 | D:1      | tidbits the Demigod Transmuter began the quest for the Orb.
     0 | D:1      | Reached XP level 1. HP: 15/15 MP: 5/5
   101 | D:1      | Found a glowing golden altar of the Shining One.
   134 | D:1      | Reached skill level 3 in Unarmed Combat
   388 | D:2      | Reached XP level 2. HP: 13/22 MP: 7/7
   392 | D:2      | Learned a level 2 spell: Sticks to Snakes
   647 | D:2      | Reached XP level 3. HP: 27/27 MP: 4/8
   662 | D:2      | Reached skill level 4 in Unarmed Combat
   693 | D:2      | tidbits: +5 ring of protection
   800 | D:3      | Reached skill level 2 in Spellcasting
   816 | D:3      | Learned a level 3 spell: Spider Form
  1069 | D:4      | Reached skill level 2 in Transmutations
  1081 | D:4      | Reached XP level 4. HP: 34/34 MP: 2/9
  1190 | D:4      | Noticed Edmund
  1193 | D:4      | Reached skill level 3 in Transmutations
  1208 | D:4      | Killed Edmund
  1208 | D:4      | Reached skill level 4 in Transmutations
  1208 | D:4      | Reached XP level 5. HP: 31/39 MP: 5/10
  1432 | D:2      | Reached skill level 1 in Fighting
  1656 | D:3      | Found a shimmering altar of Xom.
  1725 | D:4      | Found a staircase to the Ecumenical Temple.
  1727 | D:4      | Got a twisted whip
  1728 | D:4      | Identified the +2 whip of Equivalence {freeze, +Inv rElec rF-} (You found it on level 4 of the Dungeon)
  1770 | D:5      | Entered Level 5 of the Dungeon
  1771 | D:5      | Noticed Menkaure
  1814 | D:4      | Noticed Natasha
  1947 | D:4      | Reached skill level 1 in Stealth
  1953 | D:4      | Killed Natasha
  1953 | D:4      | Reached XP level 6. HP: 42/47 MP: 1/12
  2070 | D:5      | Noticed Prince Ribbit
  2305 | D:4      | Reached skill level 2 in Stealth
  2425 | D:6      | Noticed a water moccasin
  2473 | D:5      | Found Meschav's Distillery.
  2477 | D:5      | Reached skill level 2 in Fighting
  2482 | D:5      | Bought a potion of heal wounds for 70 gold pieces
  2482 | D:5      | Bought a potion of haste for 140 gold pieces
  2506 | D:5      | Killed Menkaure
  2566 | D:5      | Noticed Sigmund
  2599 | D:5      | Killed Sigmund
  2599 | D:5      | Reached skill level 5 in Unarmed Combat
  2599 | D:5      | Reached XP level 7. HP: 45/55 MP: 3/13
  2623 | D:5      | Got a transparent helmet
  2629 | D:5      | Identified the +2 helmet "Ugadwin" {-Cast rElec Str+3 Int+3} (You found it on level 5 of the Dungeon)
  2710 | D:5      | Killed Prince Ribbit
  2710 | D:5      | Reached skill level 6 in Unarmed Combat
  3135 | D:8      | Reached skill level 7 in Unarmed Combat
  3162 | D:8      | Reached XP level 8. HP: 52/61 MP: 2/14
  3172 | D:8      | tidbits: +5 ring of intelligence
  3282 | D:7      | Reached skill level 8 in Unarmed Combat
  3335 | D:6      | Noticed Blork the orc
  3349 | D:5      | Reached skill level 5 in Transmutations
  3478 | D:5      | Learned a level 5 spell: Blade Hands
  3721 | D:6      | Reached skill level 3 in Spellcasting
  3822 | D:6      | Noticed Pikel
  3832 | D:6      | Killed Pikel
  3832 | D:6      | Reached skill level 4 in Spellcasting
  3832 | D:6      | Reached skill level 6 in Transmutations
  3832 | D:6      | Reached XP level 9. HP: 63/67 MP: 10/18
  3929 | D:8      | Reached skill level 7 in Transmutations
  3981 | D:8      | Found a sacrificial altar of Ru.
  4156 | D:8      | Found a white marble altar of Elyvilon.
  4184 | D:8      | Reached skill level 8 in Transmutations
  4547 | D:9      | Noticed Maurice
  4553 | D:8      | Reached skill level 2 in Dodging
  4669 | D:9      | Noticed a two-headed ogre
  4683 | D:9      | Killed a two-headed ogre
  4683 | D:9      | Reached skill level 4 in Dodging
  4732 | D:10     | Entered Level 10 of the Dungeon
  4742 | D:10     | Found Lugit's Antique Armour Shoppe.
  4823 | D:10     | Found Bujuiss's Assorted Antiques.
  4828 | D:10     | Bought a murky puce potion for 25 gold pieces
  4828 | D:10     | Bought a scroll of identify for 56 gold pieces
  4957 | D:10     | tidbits: 2nd +5 ring of protection...
  5002 | D:10     | Reached skill level 3 in Fighting
  5043 | D:10     | Found Koluosuq's Book Emporium.
  5095 | D:10     | Reached skill level 4 in Fighting
  5105 | D:10     | Reached XP level 10. HP: 57/78 MP: 15/19
  5141 | D:10     | Found a staircase to the Lair.
  5223 | D:10     | Found Exkogami's Magic Scroll Shop.
  5241 | D:10     | Reached skill level 9 in Unarmed Combat
  5323 | D:9      | Learned a level 1 spell: Corona
  5353 | D:9      | Killed Maurice
  5493 | D:11     | Found a labyrinth entrance.
  5539 | Lab      | Entered a labyrinth
  6252 | Lab      | Noticed a minotaur
  6262 | Lab      | Killed a minotaur
  6262 | Lab      | Reached skill level 10 in Unarmed Combat
  6512 | D:9      | Reached skill level 11 in Unarmed Combat
  6771 | D:10     | Found Moeshe Vups's Food Shop.
  6816 | Lair:1   | Entered Level 1 of the Lair of Beasts
  6841 | Lair:1   | Got a pitted wooden ring
  6843 | Lair:1   | Identified the cursed ring "Huimool" {*Drain rPois Int-2 Dex+5 Slay+2} (You found it on level 1 of the Lair of Beasts)
  6967 | Lair:1   | Reached skill level 1 in Evocations
  7010 | Lair:2   | Noticed a black mamba
  7021 | Lair:2   | Killed a black mamba
  7021 | Lair:2   | Reached skill level 2 in Evocations
  7150 | Lair:1   | Noticed Joseph
  7174 | Lair:1   | Killed Joseph
  7174 | Lair:1   | Reached skill level 3 in Evocations
  7174 | Lair:1   | Reached XP level 11. HP: 82/85 MP: 7/20
  7370 | Lair:3   | Got a warped silver ring
  7372 | Lair:3   | Identified the ring of Kuaf {rPois rN+ Str+2 Dex+4 Stlth+} (You found it on level 3 of the Lair of Beasts)
  7433 | Lair:3   | Reached skill level 5 in Dodging
  7439 | Lair:3   | Reached skill level 5 in Fighting
  7621 | Lair:3   | Found a staircase to the Shoals.
  7628 | Lair:3   | Noticed Gastronok
  7641 | Lair:3   | Killed Gastronok
  7641 | Lair:3   | Reached skill level 6 in Fighting
  7641 | Lair:3   | Reached skill level 6 in Dodging
  7732 | Lair:3   | Noticed a seven-headed hydra
  7744 | Lair:3   | Killed a seven-headed hydra
  7865 | Lair:4   | Reached skill level 7 in Dodging
  7950 | Lair:4   | Learned a level 1 spell: Apportation
  7969 | Lair:5   | Reached skill level 1 in Translocations
  7992 | Lair:5   | Noticed an eight-headed hydra
  8012 | Lair:5   | Killed an eight-headed hydra
  8012 | Lair:5   | Reached skill level 2 in Translocations
  8022 | Lair:5   | Reached skill level 3 in Translocations
  8155 | Lair:5   | Identified Sif Muna's Grimoire of Clay and Weightlessness
  8159 | Lair:5   | Learned a level 2 spell: Swiftness
  8289 | Lair:6   | Entered Level 6 of the Lair of Beasts
  8305 | Lair:6   | Reached skill level 7 in Fighting
  8334 | Lair:6   | Found a viscous altar of Jiyva.
  8335 | Lair:6   | Found a staircase to the Slime Pits.
  8402 | Lair:6   | Got an ancient lapis lazuli ring
  8404 | Lair:6   | Identified the ring of Leochobben {*Contam rC+ Str+6 Dex+3 Stlth+} (You found it on level 6 of the Lair of Beasts)
  8490 | Lair:6   | Noticed Nessos
  8513 | Lair:6   | Killed Nessos
  8513 | Lair:6   | Reached XP level 12. HP: 64/100 MP: 6/21
  8584 | Lair:6   | Reached skill level 12 in Unarmed Combat
  8695 | Lair:5   | Reached skill level 8 in Dodging
  8834 | Lair:6   | Reached skill level 8 in Fighting
  8886 | Lair:5   | Noticed a six-headed hydra
  8894 | Lair:5   | Killed a six-headed hydra
  9104 | Lair:6   | Noticed a six-headed hydra
  9122 | Lair:6   | Killed a six-headed hydra
  9171 | Lair:6   | Noticed a catoblepas
  9200 | Lair:6   | Killed a catoblepas
  9223 | Lair:6   | Reached skill level 13 in Unarmed Combat
  9262 | Lair:6   | Noticed a six-headed hydra
  9273 | Lair:6   | Killed a six-headed hydra
  9273 | Lair:6   | Reached skill level 9 in Dodging
  9302 | Lair:6   | Reached XP level 13. HP: 96/110 MP: 1/23
  9424 | Lair:6   | Reached skill level 9 in Fighting
  9601 | Lair:4   | Got a crude leather armour
  9612 | Lair:4   | Identified the +1 leather armour "Domaq" {rF+ Dex+6 SInv} (You found it on level 4 of the Lair of Beasts)
  9769 | Lair:2   | Found a hole to the Spider Nest.
  9808 | Lair:2   | Learned a level 1 spell: Animate Skeleton
 10171 | D:12     | Reached skill level 1 in Necromancy
 10358 | D:12     | Got a distressingly furry ring mail
 10371 | D:12     | Identified the cursed +1 ring mail of Complete Protection {Int+2} (You found it on level 12 of the Dungeon)
 10533 | D:12     | Reached skill level 2 in Necromancy
 10706 | D:12     | Found a staircase to the Orcish Mines.
 10736 | D:12     | Reached skill level 5 in Spellcasting
 10772 | Orc:1    | Entered Level 1 of the Orcish Mines
 11195 | D:10     | Bought a book of Transfigurations for 660 gold pieces
 11202 | D:10     | Learned a level 6 spell: Statue Form
 11269 | D:10     | Bought a scroll of amnesia for 52 gold pieces
 11371 | Orc:2    | Entered Level 2 of the Orcish Mines
 11376 | Orc:2    | Reached skill level 1 in Earth Magic
 11475 | Orc:2    | Reached skill level 2 in Earth Magic
 11549 | Orc:2    | Noticed Sonja
 11554 | Orc:2    | Killed Sonja
 11554 | Orc:2    | Reached skill level 3 in Earth Magic
 11685 | Orc:2    | Learned a level 2 spell: Passwall
 11813 | Orc:1    | Reached skill level 4 in Earth Magic
 11902 | Orc:2    | Found a staircase to the Elven Halls.
 11950 | Orc:2    | Noticed Josephine
 12183 | Orc:2    | Reached skill level 5 in Earth Magic
 12291 | Orc:2    | Reached skill level 6 in Earth Magic
 12323 | Orc:2    | Found Ripn's Distillery.
 12323 | Orc:2    | Found Ucazxy's Weapon Shop.
 12327 | Orc:2    | Found Sujur's General Store.
 12327 | Orc:2    | Found Wargheopp's Magic Scroll Emporium.
 12338 | Orc:2    | Bought a potion of degeneration for 15 gold pieces
 12513 | Orc:2    | Killed Josephine
 12513 | Orc:2    | Reached skill level 7 in Earth Magic
 12695 | D:14     | Reached XP level 14. HP: 118/118 MP: 23/25
 12748 | D:14     | Found Jeqodaul's General Store.
 12799 | D:15     | Entered Level 15 of the Dungeon
 12805 | D:14     | Reached skill level 8 in Earth Magic
 12821 | D:14     | Found a gate to the Vaults.
 12908 | D:14     | Reached skill level 9 in Earth Magic
 12972 | D:14     | Noticed Azrael
 12985 | D:14     | Killed Azrael
 13011 | D:14     | Noticed Frances
 13124 | D:13     | Reached skill level 9 in Transmutations
 13200 | D:13     | Reached skill level 10 in Earth Magic
 13462 | D:15     | Noticed Urug
 13696 | Spider:1 | Entered Level 1 of the Spider Nest
 13696 | Spider:1 | Noticed Kirke
 13706 | Lair:2   | Killed Kirke
 14030 | Spider:2 | Reached skill level 10 in Transmutations
 14055 | Spider:1 | Noticed Roxanne
 14211 | Spider:2 | Noticed an emperor scorpion
 14222 | Spider:2 | Killed an emperor scorpion
 14222 | Spider:2 | Reached skill level 11 in Earth Magic
 14287 | Spider:2 | Reached skill level 6 in Spellcasting
 14348 | Spider:1 | Reached XP level 15. HP: 124/124 MP: 28/28
 14604 | Spider:2 | Learned a level 3 spell: Regeneration
 15074 | Spider:3 | Reached skill level 7 in Spellcasting
 15074 | Spider:3 | Reached skill level 11 in Transmutations
 15159 | Spider:4 | Entered Level 4 of the Spider Nest
 15173 | Spider:3 | Reached skill level 3 in Necromancy
 15176 | Spider:3 | Reached skill level 1 in Charms
 15227 | Spider:4 | Reached skill level 2 in Charms
 15250 | Spider:4 | Learned a level 4 spell: Animate Dead
 15330 | Spider:4 | Noticed Donald
 15345 | Spider:4 | Killed Donald
 15345 | Spider:4 | Reached skill level 4 in Necromancy
 15408 | Spider:4 | Reached skill level 1 in Shields
 15451 | Spider:4 | Reached skill level 2 in Shields
 15545 | Spider:4 | Reached skill level 3 in Shields
 15623 | Spider:4 | Reached skill level 4 in Shields
 15697 | Spider:4 | Reached skill level 5 in Shields
 15782 | Spider:4 | Reached skill level 6 in Shields
 15810 | Spider:4 | Reached skill level 7 in Shields
 15812 | Spider:4 | HP: 4/161 [disintegration (49)]
 15997 | Spider:4 | Got a gossamer rune of Zot
 16193 | Spider:3 | Reached skill level 8 in Shields
 16317 | Spider:2 | Reached XP level 16. HP: 132/132 MP: 25/31
 16679 | Lair:1   | Learned a level 1 spell: Confusing Touch
 16707 | D:10     | Bought the +0 mask of the Dragon {MR+ Slay+3 SInv} for 935 gold pieces
 16834 | Shoals:1 | Entered Level 1 of the Shoals
 16863 | Shoals:1 | Reached skill level 1 in Hexes
 16883 | Shoals:1 | Reached skill level 2 in Hexes
 17001 | Shoals:1 | Gained mutation: You expend magic power (3 MP) to strengthen your wands. [potion of mutation]
 17001 | Shoals:1 | Gained mutation: You are agile. (Dex +2) [potion of mutation]
 17002 | Shoals:1 | Lost mutation: You expend magic power (3 MP) to strengthen your wands. [potion of mutation]
 17002 | Shoals:1 | Lost mutation: You are agile. (Dex +2) [potion of mutation]
 17002 | Shoals:1 | Gained mutation: You occasionally shout uncontrollably at your foes. [potion of mutation]
 17002 | Shoals:1 | Gained mutation: You are covered in fur. (AC +1) [potion of mutation]
 17003 | Shoals:1 | Lost mutation: You are covered in fur. (AC +1) [potion of mutation]
 17003 | Shoals:1 | Lost mutation: You occasionally shout uncontrollably at your foes. [potion of mutation]
 17003 | Shoals:1 | Gained mutation: Your muscles are strong. (Str +2) [potion of mutation]
 17003 | Shoals:1 | Gained mutation: You have sharp fingernails. [potion of mutation]
 17038 | Shoals:2 | Reached skill level 3 in Hexes
 17133 | Shoals:2 | Reached skill level 9 in Shields
 17410 | Shoals:4 | Entered Level 4 of the Shoals
 17410 | Shoals:4 | Noticed Jorgrun
 17425 | Shoals:3 | Killed Jorgrun
 17533 | Shoals:4 | Reached skill level 10 in Shields
 17606 | Shoals:4 | Noticed Ilsuiw
 17646 | Shoals:4 | Killed Ilsuiw
 17730 | Shoals:4 | Noticed Polyphemus
 17748 | Shoals:4 | Killed Polyphemus
 17756 | Shoals:4 | Reached skill level 11 in Shields
 18153 | Shoals:4 | Got a barnacled rune of Zot
 18199 | Shoals:4 | Reached skill level 12 in Shields
 18257 | Shoals:4 | Noticed a kraken
 18271 | Shoals:4 | Killed a kraken
 18680 | Shoals:1 | Reached skill level 8 in Spellcasting
 18765 | Shoals:1 | Reached XP level 17. HP: 138/138 MP: 26/34
 19016 | Lair:1   | Learned a level 3 spell: Lesser Beckoning
 19018 | Lair:1   | Learned a level 1 spell: Summon Butterflies
 19024 | Lair:1   | Learned a level 5 spell: Irradiate
 19225 | Vaults:1 | Entered Level 1 of the Vaults
 19237 | Vaults:1 | Found a roughly hewn altar of Beogh.
 19292 | D:14     | Reached skill level 1 in Summonings
 19300 | D:14     | Reached skill level 1 in Conjurations
 19562 | Vaults:2 | Reached skill level 2 in Summonings
 19563 | Vaults:2 | Noticed a bone dragon
 19576 | Vaults:2 | Killed a bone dragon
 19576 | Vaults:2 | Reached skill level 2 in Conjurations
 19585 | Vaults:2 | Reached skill level 9 in Spellcasting
 19619 | Vaults:2 | Found a staircase to the Crypt.
 19776 | Vaults:2 | Reached skill level 3 in Summonings
 19791 | Vaults:2 | Reached skill level 3 in Conjurations
 19990 | Vaults:2 | Reached skill level 12 in Transmutations
 20156 | Vaults:4 | Reached skill level 14 in Unarmed Combat
 20500 | Vaults:4 | Reached skill level 10 in Dodging
 20534 | Vaults:4 | Reached skill level 10 in Fighting
 20537 | Vaults:4 | Reached XP level 18. HP: 147/147 MP: 23/36
 20685 | Vaults:4 | Noticed Boris
 20692 | Vaults:4 | Killed Boris
 21091 | Vaults:5 | Entered Level 5 of the Vaults
 21109 | Vaults:5 | Reached skill level 15 in Unarmed Combat
 21176 | Vaults:5 | Reached skill level 13 in Shields
 21344 | Vaults:5 | Noticed a lich
 21351 | Vaults:5 | Killed a lich
 21537 | Vaults:5 | Reached skill level 4 in Translocations
 21559 | Vaults:5 | Noticed a tentacled monstrosity
 21562 | Vaults:5 | Reached skill level 5 in Translocations
 21564 | Vaults:5 | Killed a tentacled monstrosity
 21566 | Vaults:5 | Noticed a tentacled monstrosity
 21596 | Vaults:5 | Reached skill level 6 in Translocations
 21605 | Vaults:5 | Killed a tentacled monstrosity
 21612 | Vaults:5 | Noticed Mara
 21618 | Vaults:5 | Noticed tidbits's illusion
 21619 | Vaults:5 | Reached skill level 7 in Translocations
 21623 | Vaults:5 | Reached XP level 19. HP: 105/156 MP: 14/38
 21644 | Vaults:5 | Noticed an ancient lich
 21757 | Vaults:5 | Noticed a golden dragon
 21768 | Vaults:5 | Killed a golden dragon
 21768 | Vaults:5 | Reached skill level 16 in Unarmed Combat
 21828 | Vaults:5 | Got a silver rune of Zot
 21911 | Vaults:5 | Killed an ancient lich
 22041 | Vaults:5 | Reached skill level 17 in Unarmed Combat
 22256 | Vaults:5 | Killed Mara
 22583 | Vaults:3 | Identified the +2 ring mail of the Volcano {rF+} (You found it on level 3 of the Vaults)
 22632 | Vaults:3 | Reached skill level 18 in Unarmed Combat
 22754 | Vaults:3 | Reached skill level 11 in Fighting
 23072 | D:14     | Learned a level 5 spell: Lee's Rapid Deconstruction
 23090 | D:14     | Bought a scarf of resistance for 384 gold pieces
 23090 | D:14     | Bought a potion of haste for 120 gold pieces
 23246 | Elf:1    | Entered Level 1 of the Elven Halls
 23256 | Elf:1    | Reached skill level 12 in Fighting
 23494 | Elf:3    | Entered Level 3 of the Elven Halls
 23547 | Elf:3    | Noticed Aizul
 23548 | Elf:3    | Noticed Nikola
 23561 | Elf:3    | Killed Aizul
 23581 | Elf:3    | Killed Nikola
 23581 | Elf:3    | Reached XP level 20. HP: 170/170 MP: 32/39
 23801 | Elf:3    | Reached skill level 13 in Fighting
 24065 | Elf:3    | Reached skill level 14 in Fighting
 24166 | Elf:3    | Reached skill level 11 in Dodging
 24375 | Elf:3    | Got a flickering turquoise ring
 24376 | Elf:3    | Identified the ring "Zanoplurr" {rF+ rC+ Str+7} (You took it off a deep elf sorcerer on level 3 of the Elven Halls)
 24424 | Elf:3    | Identified Teashrasu's Tome of Displaced Intoxication
 24542 | Elf:3    | Identified the Volume of Creation and Augmentations
 24883 | Orc:2    | Bought a scroll of magic mapping for 52 gold pieces
 24883 | Orc:2    | Bought a scroll of identify for 30 gold pieces
 24883 | Orc:2    | Bought a scroll of identify for 30 gold pieces
 24883 | Orc:2    | Bought a scroll of magic mapping for 52 gold pieces
 24883 | Orc:2    | Bought a scroll of identify for 30 gold pieces
 24884 | Orc:2    | Bought a potion of berserk rage for 85 gold pieces
 24884 | Orc:2    | Bought a scroll of identify for 34 gold pieces
 24884 | Orc:2    | Bought a scroll of fear for 59 gold pieces
 24891 | Orc:2    | Bought a potion of haste for 150 gold pieces
 24891 | Orc:2    | Bought a potion of mutation for 120 gold pieces
 24891 | Orc:2    | Bought 2 potions of curing for 90 gold pieces
 24891 | Orc:2    | Bought a potion of agility for 60 gold pieces
 24891 | Orc:2    | Bought a potion of curing for 45 gold pieces
 24891 | Orc:2    | Bought a potion of curing for 45 gold pieces
 25110 | D:14     | Reached skill level 10 in Spellcasting
 25127 | D:15     | Killed Urug
 25282 | D:15     | Found a staircase to the Depths.
 25303 | Depths:1 | Entered Level 1 of the Depths
 25403 | D:15     | Reached skill level 11 in Spellcasting
 25606 | Depths:2 | Found a gateway to Hell.
 25617 | Depths:2 | Found a magical portal.
 25630 | Depths:2 | Learned a level 4 spell: Passage of Golubria
 25631 | WizLab   | Entered The Hall of the Hellbinder
 25642 | WizLab   | Reached skill level 12 in Spellcasting
 25655 | WizLab   | Learned a level 2 spell: Blink
 25713 | WizLab   | Reached XP level 21. HP: 182/182 MP: 36/42
 25748 | WizLab   | Found a burning altar of Makhleb.
 25757 | WizLab   | Identified the Incunabulum of Summoning
 25789 | WizLab   | Identified the Handbook of Calling
 25931 | Depths:2 | Found a one-way gate to the infinite horrors of the Abyss.
 25942 | Depths:2 | Voluntarily entered the Abyss.
 25980 | Abyss:2  | Found a corrupted altar of Lugonu.
 26038 | Abyss:4  | Found a corrupted altar of Lugonu.
 26076 | Abyss:4  | Found a corrupted altar of Lugonu.
 26219 | Abyss:4  | Reached skill level 15 in Fighting
 26295 | Abyss:4  | Got an abyssal rune of Zot
 26353 | Abyss:5  | Entered Level 5 of the Abyss
 26353 | Abyss:5  | Found a corrupted altar of Lugonu.
 26357 | Depths:2 | Escaped the Abyss
 26364 | Hell     | Entered the Vestibule of Hell
 26364 | Hell     | Noticed Geryon
 26391 | Depths:1 | HP: 16/184 [soul eater/drain life (13)]
 26431 | Depths:1 | Found a one-way gate leading to the halls of Pandemonium.
 26485 | Pan      | Entered Pandemonium
 26493 | Pan      | Noticed Giabawoi the pandemonium lord
 26495 | Pan      | Reached skill level 3 in Stealth
 26499 | Pan      | Gained mutation: Your body sometimes deteriorates upon taking damage. [a neqoxec]
 26500 | Pan      | Killed Giabawoi the pandemonium lord
 26500 | Pan      | Reached skill level 5 in Stealth
 26506 | Depths:1 | Escaped Pandemonium
 26591 | Depths:2 | Reached skill level 12 in Dodging
 26793 | Hell     | Killed Geryon
 26795 | Hell     | Reached skill level 13 in Dodging
 26834 | Hell     | Reached skill level 6 in Stealth
 26848 | Hell     | Found a gateway to the decaying netherworld of Tartarus.
 26855 | Tar:1    | Entered Level 1 of Tartarus
 26855 | Tar:1    | Found a gateway to Hell.
 26868 | Tar:1    | HP: 22/239 [hellion/damnation (21)]
 26873 | Tar:1    | Killed from afar by a hellion

Skill      XL: |  1  2  3  4  5  6  7  8  9 10 11 12 13 14 15 16 17 18 19 20 21 |
---------------+----------------------------------------------------------------+-----
Unarmed Combat | 3 4 5 7 8 11 13 14 15 18 | 18.8
Spellcasting   | 2 4 5 6 7 8 9 12 | 12.0
Transmutations | 2 4 6 8 10 11 12 | 12.1
Fighting       | 1 2 4 7 8 9 10 12 14 15 | 15.2
Stealth        | 1 2 6 |  6.9
Dodging        | 4 7 9 10 11 13 | 13.0
Evocations     | 3 |  3.3
Translocations | 3 7 |  7.3
Necromancy     | 2 4 |  4.0
Earth Magic    | 7 11 | 11.8
Charms         | 2 |  2.7
Shields        | 8 12 13 | 13.2
Hexes          | 3 |  3.6
Summonings     | 3 |  3.0
Conjurations   | 3 |  3.0

Action                   |  1- 3 |  4- 6 |  7- 9 | 10-12 | 13-15 | 16-18 | 19-21 || total
-------------------------+-------+-------+-------+-------+-------+-------+-------++-------
Melee: Unarmed           |    78 |    97 |   283 |   445 |  1199 |  1046 |   982 ||  4130
       Kick              |     9 |       |     1 |       |       |       |       ||    10
       Headbutt          |     6 |     1 |       |       |       |       |       ||     7
       Punch             |       |       |     1 |    19 |    71 |     6 |       ||    97
 Fire: Hunting sling     |    13 |    17 |       |       |       |       |       ||    30
       Blowgun           |       |       |       |       |    21 |       |       ||    21
Throw: Tomahawk          |       |       |       |       |     2 |       |       ||     2
       Javelin           |       |       |       |       |       |     4 |       ||     4
       Throwing net      |       |       |       |       |       |       |     1 ||     1
 Cast: Beastly Appendage |    23 |     5 |     3 |       |       |       |       ||    31
       Sticks to Snakes  |     5 |    15 |    36 |    73 |    34 |     9 |     2 ||   174
       Spider Form       |     2 |    15 |    37 |     2 |       |       |       ||    56
       Blade Hands       |       |       |     2 |    57 |    69 |       |       ||   128
       Corona            |       |       |       |     3 |       |       |       ||     3
       Animate Skeleton  |       |       |       |       |    34 |    49 |    11 ||    94
       Apportation       |       |       |       |       |    56 |    96 |    44 ||   196
       Passwall          |       |       |       |       |    34 |     7 |    12 ||    53
       Statue Form       |       |       |       |       |    36 |    78 |    76 ||   190
       Animate Dead      |       |       |       |       |    13 |    41 |     3 ||    57
       Regeneration      |       |       |       |       |     6 |    28 |    25 ||    59
       Irradiate         |       |       |       |       |       |    24 |    47 ||    71
       Lesser Beckoning  |       |       |       |       |       |    18 |     6 ||    24
       Blink             |       |       |       |       |       |       |     3 ||     3
       Passage of Golubr |       |       |       |       |       |       |     3 ||     3
       Lee's Rapid Decon |       |       |       |       |       |       |     2 ||     2
 Abil: End Transformatio |       |     1 |       |     7 |    14 |    16 |    24 ||    62
Evoke: Wand              |       |       |     5 |    13 |    19 |     2 |     7 ||    46
       Lamp of fire      |       |       |       |       |       |       |     1 ||     1
       Box of beasts     |       |       |       |       |       |       |     1 ||     1
       Phial of floods   |       |       |       |       |       |       |     1 ||     1
  Use: Potion            |     1 |     2 |       |     4 |    11 |    15 |     7 ||    40
       Scroll            |     1 |    10 |     6 |    21 |    26 |    20 |    12 ||    96
 Stab: Sleeping          |     1 |       |     1 |     6 |     7 |     6 |       ||    21
       Distracted        |       |       |     4 |     6 |    13 |    17 |     3 ||    43
       Confused          |       |       |       |     1 |       |       |       ||     1
       Held in net/web   |       |       |       |       |     5 |       |     1 ||     6
  Eat: Chunk             |     1 |     6 |     9 |    12 |    50 |    29 |    24 ||   131
       Meat ration       |       |     1 |       |     4 |     2 |     4 |     2 ||    13
       Fruit             |       |     1 |       |       |       |     2 |     5 ||     8
       Royal jelly       |       |       |       |     1 |       |     5 |     3 ||     9
       Bread ration      |       |       |       |     1 |       |     1 |     2 ||     4
Armor: Robe              |    14 |     6 |       |   121 |   181 |    16 |    15 ||   353
       Skin              |     1 |    14 |    30 |     1 |   578 |   596 |   430 ||  1650
       Leather armour    |       |     2 |    13 |    44 |       |       |       ||    59
Dodge: Dodged            |    55 |    77 |   204 |   302 |  1539 |   767 |   795 ||  3739
Block: Other             |       |       |     5 |    26 |       |       |       ||    31
       Reflection        |       |       |       |     1 |       |    89 |    77 ||   167
       Shield            |       |       |       |       |       |  1027 |  1358 ||  2385

Table legend:
 A = Turns spent in this place as a percentage of turns spent in the entire game.
 B = Non-inter-level travel turns spent in this place as a percentage of non-inter-level travel turns spent in the entire game.
 C = Inter-level travel turns spent in this place as a percentage of turns spent in this place.
 D = Turns resting spent in this place as a percentage of non-inter-level travel turns spent in this place.
 E = Turns spent auto-exploring this place as a percentage of non-inter-level travel turns spent in this place.
 F = Non-inter-level travel turns spent in this place divided by the number of levels of this place that you've seen.
                   A       B       C       D       E      F
               +-------+-------+-------+-------+-------+----------------------
         Total | 100.0 | 100.0 |   0.3 |   0.0 |   0.0 | 513.2
       Dungeon |  31.3 |  31.2 |   0.5 |   0.1 |   0.0 | 544.3
          Lair |  12.4 |  12.4 |   0.4 |   0.0 |   0.0 | 538.8
        Shoals |   8.9 |   8.9 |   0.0 |   0.0 |   0.0 | 582.8
   Spider Nest |  11.3 |  11.3 |   0.1 |   0.0 |   0.0 | 739.8
  Orcish Mines |   5.4 |   5.4 |   0.4 |   0.3 |   0.0 | 703.5
   Elven Halls |   6.1 |   6.1 |   0.0 |   0.0 |   0.1 | 532.3
        Vaults |  15.7 |  15.7 |   0.1 |   0.0 |   0.0 | 823.0
        Depths |   2.5 |   2.5 |   0.0 |   0.0 |   0.0 | 325.0
          Hell |   0.5 |   0.6 |   0.0 |   0.0 |   0.0 | 144.0
      Tartarus |   0.1 |   0.1 |   0.0 |   0.0 |   0.0 |  27.0
         Abyss |   1.8 |   1.8 |   0.0 |   0.0 |   0.0 |  93.4
   Pandemonium |   0.1 |   0.1 |   0.0 |   0.0 |   0.0 |  28.0
     Labyrinth |   2.9 |   2.9 |   0.0 |   0.0 |   0.0 | 750.0
        Wizlab |   1.1 |   1.1 |   0.0 |   0.0 |   0.0 | 300.0
               +-------+-------+-------+-------+-------+----------------------

Table legend:
 A = Kills in this place as a percentage of kills in entire the game.
 B = Kills by you in this place as a percentage of kills by you in the entire game.
 C = Kills by friends in this place as a percentage of kills by friends in the entire game.
 D = Other kills in this place as a percentage of other kills in the entire game.
 E = Experience gained in this place as a percentage of experience gained in the entire game.
 F = Experience gained in this place divided by the number of levels of this place that you have seen.
                   A       B       C       D       E      F
               +-------+-------+-------+-------+-------+----------------------
         Total | 100.0 | 100.0 | 100.0 | 100.0 | 100.0 | 15680.0
       Dungeon |  25.5 |  26.9 |  15.1 |   0.0 |   9.5 | 5047.8
          Lair |   7.4 |   7.8 |   4.8 |   0.0 |   5.2 | 6962.3
        Shoals |   9.6 |   7.1 |  34.2 |  16.7 |   9.2 | 18379.8
   Spider Nest |  13.8 |  13.5 |  17.1 |  11.1 |  10.8 | 21527.5
  Orcish Mines |   6.7 |   7.1 |   4.1 |   0.0 |   2.3 | 9192.0
   Elven Halls |   5.9 |   6.4 |   0.0 |  16.7 |  11.7 | 31258.7
        Vaults |  20.8 |  20.0 |  24.7 |  50.0 |  35.2 | 56368.6
        Depths |   4.3 |   4.7 |   0.0 |   5.6 |   6.0 | 23920.5
          Hell |   0.9 |   1.0 |   0.0 |   0.0 |   1.6 | 12719.0
      Tartarus |   0.4 |   0.4 |   0.0 |   0.0 |   0.3 | 2333.0
         Abyss |   2.9 |   3.2 |   0.0 |   0.0 |   4.9 | 7767.6
   Pandemonium |   0.4 |   0.4 |   0.0 |   0.0 |   0.9 | 7019.0
     Labyrinth |   0.1 |   0.1 |   0.0 |   0.0 |   0.1 | 1151.0
        Wizlab |   1.4 |   1.5 |   0.0 |   0.0 |   2.3 | 18654.0
               +-------+-------+-------+-------+-------+----------------------

Vault maps used:
D:1:      sevenhm_arrival_forest_fort_small_4, tso_altar
D:2:      lemuel_coloured_pillars_altar
D:3:      minmay_door_path, nicolae_overflow_hidden_temple,
          minmay_misc_feat_tower
D:4:      minmay_temple_entry_mist, first_bread, uniq_natasha, uniq_edmund
D:5:      marbit_many_paths, serial_shops, shop, uniq_sigmund,
          uniq_prince_ribbit1, uniq_menkaure
D:6:      kennysheep_flooded_box, grunt_tough_drop, uniq_pikel,
          uniq_blork_the_orc
D:8:      nicolae_ru_path_of_blood, nicolae_overflow_crystal_walls
D:9:      uniq_maurice
D:10:     minmay_lair_entry_lava, serial_shops, shop, nicolae_shop_crystal,
          shop, shop, nicolae_shop_overgrown_old_shop
D:11:     lab_entry_generic, portal_ice_cave_entry_ice_beasts,
          hangedman_fish_farm
D:12:     erik_orc_4
D:13:     water_maze_lemuel
D:14:     cheibrodos_hippocracy, lightli_vaults_fourway_checkpoint,
          serial_shops, shop, hangedman_abyss_or_decor_stagger, special_room,
          uniq_frances, uniq_azrael
D:15:     grunt_enter_depths_snipers, elyvilon_altar_1, uniq_urug
Lair:1:   grunt_megastairs_3, uniq_joseph
Lair:2:   nicolae_spider_entry_orb_guardian
Lair:3:   minmay_shoals_entry_centaurs, lemuel_fruit_fields, uniq_gastronok
Lair:4:   serial_bayou_shore_a, grunt_megastairs_5, serial_bayou_shore_b
Lair:5:   nicolae_quartered_pool_super, grunt_megastairs_2
Lair:6:   hangedman_lair_in_review, dpeg_slime_entry_enclosed_altar, uniq_nessos
Shoals:1: st_sunken_temple
Shoals:2: cheibrodos_shoals_epimethial_gifts, nicolae_shoals_cliffside_cave
Shoals:3: nicolae_shoals_so_close
Shoals:4: shoals_end_grunt_ice, shoal_ilsuiw, uniq_jorgrun, uniq_polyphemus
Spider:1: lemuel_spider_zombies, uniq_roxanne, uniq_kirke
Spider:4: spider_rune_water, uniq_donald
Orc:2:    grunt_orc_tribal_feast, nicolae_orc_sculptors_studio, mines4_lemuel,
          uniq_sonja, uniq_josephine
Elf:1:    minmay_elf_arrival_summoners, basic_altar, evilmike_minifort
Elf:2:    serial_glass, glass_columns_b, glass_columns_b
Elf:3:    minmay_elf_hall_hex, st_stairs_4, columned_hall_lemuel, moated_statue,
          uniq_nikola, uniq_aizul
Vaults:1: dpeg_vaults_monster_box, vaults_standard_mumra_x, v_misc_28, v_misc_8,
          special_room_vaults, v_misc_2, nicolae_vaults_shelves_hall,
          hangedman_vaults_locks, vaults_standard_mumra_enter_the_diamond,
          grunt_vaults_hallway_long, nicolae_vaults_diagonal_hallway_7,
          uniq_saint_roka
Vaults:2: serial_ice_b, ontoclasm_vaults_claustrophobia,
          nicolae_vaults_an_arrangement, v_misc_29, ontoclasm_vaults_gateway,
          v_misc_31, nicolae_vaults_theta, vaults_room_fancy_cross,
          ontoclasm_vaults_chip, minmay_crypt_entry_nasty_monster
Vaults:3: nicolae_vaults_little_squares_6, vaults_dpeg_ring, v_misc_26,
          st_more_cells, nicolae_vaults_rhombus_5, v_alt_pattern_4,
          vaults_room_semicircle, vaults_dpeg_encased_lava,
          nicolae_vaults_stairing_the_circle, hangedman_vaults_restitches,
          v_misc_29
Vaults:4: vaults_mumra_minichess_inversion, v_pattern_1, v_rooms_5,
          ontoclasm_vaults_chip, vaults_room_fours, nicolae_vaults_shelves_hall,
          v_misc_22, nicolae_vaults_yaktaur_gun_rack,
          vaults_room_mumra_shop_pool, nicolae_vaults_specimen_jars,
          vaults_room_glass_cross, uniq_boris
Vaults:5: uniq_mara
Depths:1: grunt_pan_entry_zigzag, pf_hell_entry_tar_spiral,
          kennysheep_nondescript, roderic_serpentine_path, spider_trap,
          kennysheep_generic_room_8, kennysheep_random_hallway
Depths:2: ragdoll_tomb_raider, abyss_entry, minmay_strange_pillars,
          mu_enter_wizlab_3, hell_entry, grunt_pan_entry_in_and_out,
          grunt_ministairs_3, infiniplex_staircase_door_maze
Abyss:2:  patterned_corridor
Abyss:3:  hangedman_abyss_theft, nicolae_abyss_rune_star_stuff
Abyss:4:  evilmike_abyss_exit_1, minivault_26, evilmike_abyss_exit_vortex,
          nicolae_abyss_rune_left_handed, guppyfry_abyss_exit_imp_island
Pan:      nicolae_pan_double_arrow, nicolae_pan_gloorx_vloqian_3
Lab:      nicolae_lab_garden
WizLab:   wizlab_demon
